 Dungeon Crawl Stone Soup version 0.30-a0-1160-g6e42c06551 (webtiles) character file.

Game seed: 9157308132518083825

114 DavidChitty2 the Trooper (level 4, -1/41 HPs)
             Began as a Minotaur Fighter on Apr 26, 2023.
             Killed from afar by an orc wizard (9 damage)
             ... with a magic dart
             ... on level 3 of the Dungeon.
             The game lasted 00:02:13 (1491 turns).

DavidChitty2 the Trooper (Minotaur Fighter)         Turns: 1491, Time: 00:02:14

Health: -1/41      AC:  9    Str: 23    XL:     4   Next: 66%
Magic:  3/3        EV:  8    Int:  5    God:
Gold:   146        SH:  4    Dex:  9    Spells: 3/3 levels left

rFire   . . .        a - +0 war axe
rCold   . . .        c - +0 buckler
rNeg    . . .        k - +0 chain mail
rPois   .            (helmet restricted)
rElec   .            r - scarf {repulsion}
rCorr   .            (no gloves)
SInv    .            (no boots)
Will    .....        (no amulet) Stlth
                     (no ring)
HPRegen 0.26/turn    (no ring)
MPRegen 0.08/turn

%: repel missiles
@: no status effects
A: horns 2, retaliatory headbutt
a: no special abilities


You were on level 3 of the Dungeon.
You visited 1 branch of the dungeon, and saw 3 of its levels.

You collected 146 gold pieces.

Inventory:

Hand Weapons
 a - a +0 war axe (weapon)
Armour
 c - a +0 buckler (worn)
 k - a +0 chain mail (worn)
   (You found it on level 1 of the Dungeon)
 r - a scarf of repulsion (worn)
   (You found it on level 2 of the Dungeon)
Jewellery
 i - a +6 ring of intelligence
   (You found it on level 1 of the Dungeon)
Scrolls
 b - a scroll of teleportation {unknown}
 e - 2 scrolls of noise {unknown}
 g - 3 scrolls of magic mapping {unknown}
 h - 3 scrolls of immolation {unknown}
 j - 2 scrolls of amnesia {unknown}
 l - 2 scrolls of enchant armour {unknown}
 p - 2 scrolls of identify {unknown}
 s - a scroll of blinking {unknown}
Potions
 d - a potion of might
 f - 2 potions of brilliance {unknown}
 m - 2 potions of haste {unknown}
 n - a potion of degeneration {unknown}
 o - 2 potions of magic {unknown}
 q - 2 potions of resistance {unknown}


   Skills:
 + Level 4.4 Fighting
 * Level 4.2 Axes
 + Level 4.3 Armour
 + Level 4.3 Shields


You had 3 spell levels left.
You didn't know any spells.
Your spell library contained the following spells:

 Spells                   Type           Power      Damage    Failure   Level
 Magic Dart               Conj           0%         1d3       98%         1
 Searing Ray              Conj           0%         2d4       99%         2
 Inner Flame              Hex/Fire       0%         N/A       100%        3
 Animate Armour           Summ/Erth      0%         N/A       100%        4
 Fulminant Prism          Conj/Hex       0%         3d5       100%        4
 Blade Hands              Tmut           0%         N/A       100%        5
 Yara's Violent Unravell  Hex/Tmut       0%         3d3       100%        5
 Iron Shot                Conj/Erth      0%         9d1       100%        6
 Enfeeble                 Hex            0%         N/A       100%        7


Dungeon Overview and Level Annotations

Branches:
Dungeon (3/15)

Altars:


Innate Abilities, Weirdness & Mutations

You have a pair of horns on your head.
You reflexively headbutt those who attack you in melee.


Message History

You miss something. Something hits you.
* * * LOW HITPOINT WARNING * * *
You closely miss something. You headbutt something.
Something hits you but does no damage. Something hits you.
* * * LOW HITPOINT WARNING * * *
Unknown command.
You barely miss something. Something hits you but does no damage.
You miss something.
You hear some strange, mumbled words.
A puff of flame appears from out of thin air!
The puff of flame misses you.
You miss something. Something hits you.
* * * LOW HITPOINT WARNING * * *
You closely miss something. Something hits you.
* * * LOW HITPOINT WARNING * * *
Something hits you but does no damage.
You miss something. Something hits you.
* * * LOW HITPOINT WARNING * * *
You closely miss something.
You hear some strange, mumbled words.
You are confused.
You hear some strange, mumbled words.
A puff of flame appears from out of thin air!
The puff of flame is repelled.
You completely miss something.
You hear some strange, mumbled words.
A puff of flame appears from out of thin air!
The puff of flame is repelled.
You're too confused to move!
You hear some strange, mumbled words.
A magic dart appears from out of thin air!
The magic dart hits you.
* * * LOW HITPOINT WARNING * * *
Something hits you but does no damage. Something hits you.
* * * LOW HITPOINT WARNING * * *
You bump into the rock wall.
You feel less confused. Something hits you but does no damage.
You hit something but do no damage.
You hear some strange, mumbled words.
A magic dart appears from out of thin air!
The magic dart hits you!
You die...

##...#.####.#...#.
#......##.#.#...#
#.........#.#...#.
#.......<.#.#.....
#.....###.........
#...#...#########.
#.))........ #
#.)##.......
#.#@{.........
#...#######...
###.# .#. #.. .
###. .. ##


There were no monsters in sight!

Vanquished Creatures
  An orc wizard (D:3)
  3 adders
  4 orcs (D:3)
  6 endoplasms
  6 giant cockroaches (D:1)
  5 goblins
  3 hobgoblins
  4 jackals (D:2)
  2 kobolds (D:1)
  A quokka (D:1)
  5 ball pythons
  6 bats
  8 rats
54 creatures vanquished.

Notes
Turn   | Place    | Note
-------+----------+-------------------------------------------
     0 | D:1      | DavidChitty2 the Minotaur Fighter began the quest for the
                  | Orb.
     0 | D:1      | Reached XP level 1. HP: 19/19 MP: 0/0
    84 | D:1      | Reached XP level 2. HP: 23/27 MP: 1/1
   340 | D:1      | Reached XP level 3. HP: 33/33 MP: 2/2
   662 | D:2      | Found the +4 robe of Augmentation {Str+4 Int+4 Dex+4}
  1151 | D:2      | Reached XP level 4. HP: 40/40 MP: 3/3
  1491 | D:3      | Killed from afar by an orc wizard

Illustrated notes

Levels and vault maps discovered:
D:1:      sevenhm_arrival_forest_fort_small_6, layout_rooms,
          chequers_serial_rivers_small_b, minmay_domino_4
D:2:      layout_basic
D:3:      layout_basic, mainiacjoe_overflow_six_doors_small,
          guppyfry_early_orc_mine

Skill      XL: |  1  2  3  4 |
---------------+-------------+-----
Axes           | 3 4 |  4.2
Fighting       | 4 |  4.4
Armour         | 4 |  4.3
Shields        | 4 |  4.3

Action                     |  1- 3 |  4- 6 || total
---------------------------+-------+-------++-------
  Melee: War axe           |    71 |    43 ||   114
         Headbutt          |     2 |     4 ||     6
 Armour: Scale mail        |    20 |       ||    20
         Chain mail        |    27 |    36 ||    63
  Dodge: Dodged            |    34 |    14 ||    48
         Repelled          |       |     3 ||     3
  Block: Buckler           |    23 |     5 ||    28

Table legend: (Time is in decaauts)
 A = Elapsed time spent in this place.
 B = Non-inter-level travel time spent in this place.
 C = Inter-level travel time spent in this place.
 D = Time resting spent in this place.
 E = Time spent auto-exploring this place.
 F = Levels seen in this place.
 G = Mean time per level.
                   A        B        C        D        E       F      G
               +--------+--------+--------+--------+--------+-----+--------+
         Total |   1531 |   1491 |     40 |      0 |   1118 |   3 |  510.3 |
       Dungeon |   1531 |   1491 |     40 |      0 |   1118 |   3 |  510.3 |
               +--------+--------+--------+--------+--------+-----+--------+

Top non-repeatable levels by time:
     D:2: 893 daAuts
     D:1: 518 daAuts
     D:3: 119 daAuts
